NCAA
NEBRASKA CORNHUSKERS @ FLORIDA GATORS
04/18/2023
 
TOP OF THE 1ST
Nebraska Cornhuskers batting - Pitching for Florida Gators : RHP Miguel Negrón
Pitching: RHP Miguel Negrón
Batting: LHB Dennis Fontenot 0-0: Fly out, F8 (Flyball, 8LM)
Batting: LHB Gilberto Ramírez 0-0: Ball
1-0: Called Strike
1-1: Ball
2-1: Called Strike
2-2: Ball
3-2: Foul Ball, location: 2F
3-2: Base on Balls
Batting: RHB John Denton 0-0: Ball
1-0: Ball
2-0: Ball
3-0: Foul Ball, location: 2F
3-1: Base on Balls
Gilberto Ramírez to second
Batting: LHB Manny Salazar 0-0: Ball
1-0: Fly out, F8 (Flyball, 8LM)
Batting: RHB Eugene Allen 0-0: Ball
1-0: Ball
2-0: Ball
3-0: Called Strike
3-1: Called Strike
3-2: Ground out 1-3 (Groundball, 25)
Top of the 1st over - 0 run(s), 0 hit(s), 0 error(s), 2 left on base; Nebraska 0 - Florida 0
BOTTOM OF THE 1ST
Florida Gators batting - Pitching for Nebraska Cornhuskers : LHP Curt Montgomery
Pitching: LHP Curt Montgomery
Batting: RHB Jason Knox 0-0: Foul Ball, location: 2F
0-1: Ball
1-1: SINGLE (Line Drive, 89S)
Batting: RHB Mario Solís 0-0: Called Strike
0-1: Ball
1-1: Ball
2-1: Ball
3-1: Foul Ball, location: 2F
3-2: SINGLE (Flyball, 78S)
Jason Knox to second
Batting: LHB Mark Strong 0-0: Ball
1-0: Foul Ball, location: 2F
1-1: Foul Ball, location: 2F
1-2: Ball
2-2: Strikes out looking
Batting: RHB Paul Hardy 0-0: SINGLE (Groundball, 5S)
Jason Knox to third
Mario Solís to second
Runner from 3rd tries for Home, SAFE, no throw or cutoff
Batting: RHB Joe Richardson 0-0: Ball
1-0: Fly out, F8 (Flyball, 8LM)
Batting: RHB Larry Kennedy 0-0: Ball
1-0: Called Strike
1-1: SINGLE (Groundball, 56D)
Mario Solís to third
Paul Hardy to second
Runner from 3rd tries for Home, SAFE, no throw or cutoff
Batting: LHB Juan Torres 0-0: Ball
1-0: Foul Ball, location: 2F
1-1: Ground out U3 (Groundball, 3)
Bottom of the 1st over - 2 run(s), 4 hit(s), 0 error(s), 2 left on base; Nebraska 0 - Florida 2
TOP OF THE 2ND
Nebraska Cornhuskers batting - Pitching for Florida Gators : RHP Miguel Negrón
Batting: RHB Ralph Powell 0-0: Called Strike
0-1: Ball
1-1: Ball
2-1: Ball
3-1: Called Strike
3-2: Foul Ball, location: 2F
3-2: Strikes out swinging
Batting: SHB William Hamilton 0-0: Ball
1-0: Called Strike
1-1: SINGLE (Line Drive, 56)
Batting: SHB Conan Hanson 0-0: Ball
1-0: 2-RUN HOME RUN (Flyball, 9D), Distance : 354 ft
Batting: RHB Dwight Lewis 0-0: Ball
1-0: Swinging Strike
1-1: Ball
2-1: Ball
3-1: Base on Balls
Batting: LHB Dennis Fontenot 0-0: Ball
1-0: Ball
2-0: Called Strike
2-1: Swinging Strike
2-2: Foul Ball, location: 2F
2-2: Fly out, F8 (Flyball, 8RM)
Batting: LHB Gilberto Ramírez 0-0: Ball
1-0: Swinging Strike
1-1: Ball
2-1: Foul Ball, location: 2F
2-2: Ball
3-2: Base on Balls
Dwight Lewis to second
Batting: RHB John Denton 0-0: Called Strike
0-1: SINGLE (Popup, 9S)
Dwight Lewis to third
Gilberto Ramírez to second
Runner from 3rd tries for Home, SAFE, no throw or cutoff
Batting: LHB Manny Salazar 0-0: Ball
1-0: Ball
2-0: Called Strike
2-1: SINGLE (Line Drive, 4M)
Gilberto Ramírez to third
John Denton to second
Batting: RHB Eugene Allen 0-0: Ball
1-0: Ball
2-0: Ball
3-0: Base on Balls
Gilberto Ramírez scores
John Denton to third
Manny Salazar to second
Batting: RHB Ralph Powell 0-0: Ball
1-0: Fly out, F9 (Flyball, 89S)
Top of the 2nd over - 4 run(s), 4 hit(s), 0 error(s), 3 left on base; Nebraska 4 - Florida 2
BOTTOM OF THE 2ND
Florida Gators batting - Pitching for Nebraska Cornhuskers : RHP Chris Blankenbeckler
Pitching: RHP Chris Blankenbeckler
Batting: RHB Barry Murphy 0-0: Ball
1-0: Called Strike
1-1: Called Strike
1-2: Ball
2-2: Ball
3-2: SINGLE (Flyball, 78S)
Batting: SHB Leroy Sibbald 0-0: Called Strike
0-1: Fly out, F8 (Flyball, 8LM)
Batting: RHB Jason Knox 0-0: Ball
1-0: Foul Ball, location: 2F
1-1: Called Strike
1-2: Ball
2-2: Strikes out swinging
Batting: RHB Mario Solís 0-0: TRIPLE (Flyball, 7M)
Barry Murphy scores
Batting: LHB Mark Strong 0-0: Reached on error, E1 (Groundball, 23)
Mario Solís scores
Batting: RHB Paul Hardy 0-0: Foul Ball, location: 2F
0-1: Swinging Strike
0-2: Strikes out swinging
Bottom of the 2nd over - 2 run(s), 2 hit(s), 1 error(s), 1 left on base; Nebraska 4 - Florida 4
TOP OF THE 3RD
Nebraska Cornhuskers batting - Pitching for Florida Gators : RHP Miguel Negrón
Batting: SHB William Hamilton 0-0: Fly out, F6 (Line Drive, 6)
Batting: SHB Conan Hanson 0-0: Ball
1-0: Ball
2-0: DOUBLE (Flyball, 8LM)
Batting: RHB Dwight Lewis 0-0: Called Strike
0-1: Ball
1-1: Ball
2-1: Fly out, F8 (Flyball, 8RM)
Batting: LHB Dennis Fontenot 0-0: Ball
1-0: Ball
2-0: Ball
3-0: Called Strike
Reached via error on a dropped throw, E3
Conan Hanson to third
Batting: LHB Gilberto Ramírez 0-0: Called Strike
0-1: Ball
1-1: Reached on error, E4 (Groundball, 4)
Conan Hanson scores
Dennis Fontenot to second
Batting: RHB John Denton 0-0: SINGLE (Line Drive, 78M)
Dennis Fontenot to third
Gilberto Ramírez to second
Runner from 3rd tries for Home, SAFE, no throw or cutoff
Batting: LHB Manny Salazar 0-0: Ball
1-0: Fly out, F7 (Flyball, 7M)
Top of the 3rd over - 2 run(s), 2 hit(s), 2 error(s), 2 left on base; Nebraska 6 - Florida 4
BOTTOM OF THE 3RD
Florida Gators batting - Pitching for Nebraska Cornhuskers : RHP Chris Blankenbeckler
Batting: RHB Joe Richardson 0-0: SINGLE (Flyball, 7S)
Batting: RHB Larry Kennedy 0-0: Ball
1-0: Ball
2-0: Called Strike
2-1: Fly out, F9 (Flyball, 9LM)
Batting: LHB Juan Torres 0-0: Called Strike
Joe Richardson is caught stealing 2nd base
0-1: Foul Ball, location: 2F
0-2: Strikes out swinging
Bottom of the 3rd over - 0 run(s), 1 hit(s), 0 error(s), 0 left on base; Nebraska 6 - Florida 4
TOP OF THE 4TH
Nebraska Cornhuskers batting - Pitching for Florida Gators : RHP Miguel Negrón
Pitching: RHP Alejandro Guzmán
Batting: RHB Eugene Allen 0-0: Ball
1-0: Ball
2-0: Swinging Strike
2-1: Foul Ball, location: 2F
2-2: Ball
3-2: Strikes out looking
Batting: RHB Ralph Powell 0-0: Ball
1-0: Swinging Strike
1-1: Swinging Strike
1-2: Strikes out swinging
Batting: SHB William Hamilton 0-0: Ball
1-0: Called Strike
1-1: Ball
2-1: Swinging Strike
2-2: Ball
3-2: Ground out U3 (Groundball, 3S)
Top of the 4th over - 0 run(s), 0 hit(s), 0 error(s), 0 left on base; Nebraska 6 - Florida 4
BOTTOM OF THE 4TH
Florida Gators batting - Pitching for Nebraska Cornhuskers : RHP Chris Blankenbeckler
Batting: RHB Barry Murphy 0-0: Ball
1-0: Ball
2-0: Called Strike
2-1: Ball
3-1: Base on Balls
Batting: SHB Leroy Sibbald 0-0: Ball
1-0: Called Strike
1-1: Fly out, F5 (Popup, 5SF)
Batting: RHB Jason Knox 0-0: Fly out, F5 (Popup, 56S)
Batting: RHB Mario Solís 0-0: Foul Ball, location: 2F
0-1: Ball
1-1: Ball
Wild Pitch!
Barry Murphy to second
2-1: Called Strike
2-2: Ball
3-2: Strikes out swinging
Bottom of the 4th over - 0 run(s), 0 hit(s), 0 error(s), 1 left on base; Nebraska 6 - Florida 4
TOP OF THE 5TH
Nebraska Cornhuskers batting - Pitching for Florida Gators : RHP Alejandro Guzmán
Batting: SHB Conan Hanson 0-0: Foul Ball, location: 2F
0-1: Ball
1-1: Ball
2-1: Foul Ball, location: 2F
2-2: Foul Ball, location: 2F
2-2: Foul Ball, location: 2F
2-2: Strikes out swinging
Batting: RHB Dwight Lewis 0-0: Ball
1-0: Called Strike
1-1: Foul Ball, location: 2F
1-2: Foul Ball, location: 2F
1-2: Ground out 6-3 (Groundball, 6)
Batting: LHB Dennis Fontenot 0-0: SINGLE (Line Drive, 8RS)
Batting: LHB Gilberto Ramírez 0-0: Called Strike
0-1: Ball
1-1: Ball
2-1: Ball
3-1: Fly out, F7 (Flyball, 7M)
Top of the 5th over - 0 run(s), 1 hit(s), 0 error(s), 1 left on base; Nebraska 6 - Florida 4
BOTTOM OF THE 5TH
Florida Gators batting - Pitching for Nebraska Cornhuskers : RHP Chris Blankenbeckler
Batting: LHB Mark Strong 0-0: Foul Ball, location: 2F
0-1: Foul Ball, location: 2F
0-2: Ball
1-2: Foul Ball, location: 2F
1-2: Ball
2-2: Ball
3-2: DOUBLE (Line Drive, 7LM)
Batting: RHB Paul Hardy 0-0: Ball
1-0: Foul Ball, location: 2F
1-1: Ball
2-1: Ball
3-1: Called Strike
3-2: Foul Ball, location: 2F
3-2: Foul Ball, location: 2F
3-2: Fly out, F6 (Popup, 6MD)
Pitching: RHP Aaron Hicks
Batting: RHB Joe Richardson 0-0: 2-RUN HOME RUN (Flyball, 7D), Distance : 359 ft
Batting: RHB Larry Kennedy 0-0: Foul Ball, location: 2F
0-1: Ball
1-1: Fly out, F9 (Flyball, 89S)
Batting: LHB Juan Torres 0-0: Called Strike
0-1: Ground out 5-3 (Groundball, 56)
Bottom of the 5th over - 2 run(s), 2 hit(s), 0 error(s), 0 left on base; Nebraska 6 - Florida 6
TOP OF THE 6TH
Nebraska Cornhuskers batting - Pitching for Florida Gators : RHP Alejandro Guzmán
Batting: RHB John Denton 0-0: Ball
1-0: Foul Ball, location: 2F
1-1: Ball
2-1: Fly out, F8 (Flyball, 8RM)
Batting: LHB Manny Salazar 0-0: Called Strike
Single, Error in OF, E8, batter to second base
Batting: RHB Eugene Allen 0-0: Ball
1-0: Called Strike
1-1: Called Strike
1-2: Ball
2-2: Strikes out swinging
Batting: RHB Ralph Powell 0-0: Called Strike
0-1: SINGLE (Line Drive, 4M)
Manny Salazar to third
Batting: SHB William Hamilton 0-0: Ball
1-0: Swinging Strike
1-1: Ball
2-1: Swinging Strike
2-2: Ball
3-2: Ground out 4-3 (Groundball, 4)
Top of the 6th over - 0 run(s), 2 hit(s), 1 error(s), 2 left on base; Nebraska 6 - Florida 6
BOTTOM OF THE 6TH
Florida Gators batting - Pitching for Nebraska Cornhuskers : RHP Aaron Hicks
Batting: RHB Barry Murphy 0-0: SOLO HOME RUN (Flyball, 78XD), Distance : 379 ft
Batting: SHB Leroy Sibbald 0-0: Ball
1-0: Called Strike
1-1: Called Strike
1-2: Ball
2-2: Ball
3-2: SINGLE (Line Drive, 34)
Batting: RHB Jason Knox 0-0: Ball
1-0: Swinging Strike
1-1: Fly out, F8 (Line Drive, 8LM)
Batting: RHB Mario Solís 0-0: Swinging Strike
0-1: Ball
1-1: Ball
2-1: Foul Ball, location: 2F
2-2: Foul Ball, location: 2F
2-2: Strikes out swinging
Batting: LHB Mark Strong 0-0: SINGLE (Line Drive, 89S)
Leroy Sibbald to second
Batting: RHB Paul Hardy 0-0: Called Strike
0-1: Ball
1-1: Ball
2-1: Fielders Choice at 2nd, U6 (Groundball, 6M)
Bottom of the 6th over - 1 run(s), 3 hit(s), 0 error(s), 2 left on base; Nebraska 6 - Florida 7
TOP OF THE 7TH
Nebraska Cornhuskers batting - Pitching for Florida Gators : RHP Alejandro Guzmán
Pitching: LHP John Wright
Batting: SHB Conan Hanson 0-0: SOLO HOME RUN (Flyball, 7D), Distance : 370 ft
Batting: RHB Dwight Lewis 0-0: Fly out, F7 (Flyball, 7LMF)
Batting: LHB Dennis Fontenot 0-0: Called Strike
0-1: DOUBLE (Groundball, 3L)
Batting: LHB Gilberto Ramírez 0-0: Ball
1-0: Foul Ball, location: 2F
1-1: Foul Ball, location: 2F
1-2: Strikes out looking
Batting: RHB John Denton 0-0: Called Strike
0-1: Swinging Strike
0-2: Ball
1-2: Strikes out looking
Top of the 7th over - 1 run(s), 2 hit(s), 0 error(s), 1 left on base; Nebraska 7 - Florida 7
BOTTOM OF THE 7TH
Florida Gators batting - Pitching for Nebraska Cornhuskers : RHP Aaron Hicks
Batting: RHB Joe Richardson 0-0: Called Strike
0-1: Foul Ball, location: 2F
0-2: Ball
1-2: Ball
2-2: Foul Ball, location: 2F
2-2: Foul Ball, location: 2F
2-2: Fly out, F3 (Popup, 3SF)
Pitching: RHP Jesús Martínez
Batting: RHB Larry Kennedy 0-0: SINGLE (Line Drive, 89S)
Batting: LHB Juan Torres 0-0: Foul Ball, location: 2F
0-1: Foul Ball, location: 2F
0-2: Ball
1-2: Grounds into double play, 4-6-3 (Groundball, 4)
Bottom of the 7th over - 0 run(s), 1 hit(s), 0 error(s), 0 left on base; Nebraska 7 - Florida 7
TOP OF THE 8TH
Nebraska Cornhuskers batting - Pitching for Florida Gators : LHP John Wright
Batting: LHB Manny Salazar 0-0: Ball
1-0: Ball
2-0: SINGLE (Groundball, 5D)
Batting: RHB Eugene Allen 0-0: Foul Ball, location: 2F
0-1: Ball
1-1: Called Strike
Manny Salazar steals 2nd base
1-2: Ball
2-2: Ball
3-2: SINGLE (Groundball, 4MD) (infield hit)
Manny Salazar to third
Batting: RHB Ralph Powell 0-0: Foul Ball, location: 2F
0-1: Ball
1-1: Fly out, F4 (Popup, 6MD)
Batting: SHB William Hamilton 0-0: Called Strike
0-1: Ball
1-1: Foul Ball, location: 2F
1-2: Foul Ball, location: 2F
1-2: Fly out, F7 (Flyball, 7M)
Runner from 3rd tags up, SCORES, no throw
Batting: SHB Conan Hanson 0-0: Ball
1-0: Ball
2-0: Ball
3-0: Called Strike
3-1: Foul Ball, location: 2F
3-2: Foul Ball, location: 2F
3-2: Foul Ball, location: 2F
3-2: Foul Ball, location: 2F
3-2: Foul Ball, location: 2F
3-2: 2-RUN HOME RUN (Flyball, 7D), Distance : 362 ft
Pitching: RHP Patrick Parsons
Batting: RHB Dwight Lewis 0-0: Ground out 6-3 (Groundball, 6M)
Top of the 8th over - 3 run(s), 3 hit(s), 0 error(s), 0 left on base; Nebraska 10 - Florida 7
BOTTOM OF THE 8TH
Florida Gators batting - Pitching for Nebraska Cornhuskers : RHP Jesús Martínez
Batting: RHB Barry Murphy 0-0: Ball
1-0: Foul Ball, location: 2F
1-1: Foul Ball, location: 2F
1-2: Ball
2-2: SINGLE (Groundball, 6M)
Pitching: RHP Steve Frederick
Batting: SHB Leroy Sibbald 0-0: Called Strike
0-1: Foul Ball, location: 2F
0-2: Ball
1-2: Ball
2-2: Strikes out swinging
Batting: RHB Jason Knox 0-0: Called Strike
0-1: SINGLE (Flyball, 9S)
Barry Murphy to second
Runner from 2nd tries for 3rd, SAFE, no throw or cutoff
Batting: RHB Mario Solís 0-0: Called Strike
0-1: Foul Ball, location: 2F
0-2: Ball
1-2: Ball
2-2: Strikes out swinging
Pitching: LHP Jerry Conner
Batting: LHB Mark Strong 0-0: Ball
1-0: Foul Ball, location: 2F
1-1: Called Strike
1-2: Ball
2-2: Ball
3-2: Strikes out swinging
Bottom of the 8th over - 0 run(s), 2 hit(s), 0 error(s), 2 left on base; Nebraska 10 - Florida 7
TOP OF THE 9TH
Nebraska Cornhuskers batting - Pitching for Florida Gators : RHP Patrick Parsons
Batting: LHB Dennis Fontenot 0-0: Called Strike
0-1: Ball
1-1: Called Strike
1-2: Ball
2-2: Foul Ball, location: 2F
2-2: Ball
3-2: Strikes out swinging
Batting: LHB Gilberto Ramírez 0-0: Called Strike
0-1: Called Strike
0-2: Ball
1-2: Foul Ball, location: 2F
1-2: Foul Ball, location: 2F
1-2: Fly out, F7 (Flyball, 7M)
Batting: RHB John Denton 0-0: Called Strike
0-1: Ball
1-1: Swinging Strike
1-2: Ball
2-2: Ball
3-2: Ground out 4-3 (Groundball, 4)
Top of the 9th over - 0 run(s), 0 hit(s), 0 error(s), 0 left on base; Nebraska 10 - Florida 7
BOTTOM OF THE 9TH
Florida Gators batting - Pitching for Nebraska Cornhuskers : LHP Jerry Conner
Pitching: RHP Manuel Gómez
Now at C: Robin Greer
Now at 2B: Christian McCord
Now in RF: Cliff Jackson
Batting: RHB Paul Hardy 0-0: Swinging Strike
0-1: Foul Ball, location: 2F
0-2: Fly out, F9 (Flyball, 9M)
Batting: RHB Joe Richardson 0-0: Swinging Strike
0-1: Ground out 6-3 (Groundball, 6)
Batting: RHB Larry Kennedy 0-0: Fly out, F4 (Popup, 3D)
Bottom of the 9th over - 0 run(s), 0 hit(s), 0 error(s), 0 left on base; Nebraska 10 - Florida 7
This league is powered by Out of the Park Baseball, the baseball management simulation game for PC, Mac and Linux
Wednesday, December 2nd, 2015 - OOTP Baseball 16.8 Build 38